 Dungeon Crawl Stone Soup version 0.24.1-11-gbbbb2193e6 (webtiles) character file.

Game seed: 1268256674322929691, levelgen mode: deterministic

248 Peloso the Shield-Bearer (level 6, -1/47 (52) HPs)
             Began as a Ghoul Fighter on May 14, 2020.
             Slain by a bullfrog skeleton (2 damage)
             ... on level 4 of the Dungeon.
             The game lasted 00:05:08 (2261 turns).

Peloso the Shield-Bearer (Ghoul Fighter)            Turns: 2261, Time: 00:05:09

HP:   -1/47 (52)    AC: 14    Str: 33    XL:     6   Next: 12%
MP:   5/5           EV:  5    Int:  3    God:
Gold: 230           SH: 12    Dex:  9    Spells: 5/5 levels left

rFire    . . .     SeeInvis .   a - +0 long sword
rCold    + . .     Gourm    .   c - +2 shield
rNeg     + + +     Faith    .   k - +0 plate armour
rPois    ∞         Spirit   .   (no helmet)
rElec    .         Reflect  .   (no cloak)
rCorr    .         Harm     .   (no gloves)
MR       .....                  e - +2 pair of boots
Stlth    ..........             (no amulet)
HPRegen  0.00/turn              g - +4 ring of strength
MPRegen  0.09/turn              m - +3 ring of strength

@: mighty, rotting
A: rotting body, claws 1, carnivore, cold resistance 1, negative energy
resistance 3, inhibited regeneration, torment resistance, unbreathing
a: no special abilities


You were on level 4 of the Dungeon.
You were not hungry.

You visited 1 branch of the dungeon, and saw 4 of its levels.

You collected 230 gold pieces.

Inventory:

Hand Weapons
 a - a +0 long sword (weapon)
Armour
 b - a +0 scale mail
 c - a +2 shield (worn)
 e - a +2 pair of boots (worn)
 k - a +0 plate armour (worn)
Jewellery
 g - a +4 ring of strength (left claw)
 m - a +3 ring of strength (right claw)
 r - an uncursed ring of magical power {unknown}
Scrolls
 j - a scroll of enchant armour {unknown}
 l - a scroll of random uselessness {unknown}
 n - 3 scrolls of remove curse {unknown}
 o - 3 scrolls of identify
 s - a scroll of amnesia {unknown}
Potions
 h - 2 potions of invisibility
 i - a potion of curing {unknown}
 p - a potion of degeneration {unknown}
 q - a potion of brilliance {unknown}
Comestibles
 f - 6 rations


   Skills:
 + Level 3.8 Fighting
 + Level 3.4 Long Blades
 + Level 3.4 Armour
 + Level 0.1 Dodging
 + Level 4.3 Shields


You had 5 spell levels left.
You didn't know any spells.
Your spell library was empty.

Dungeon Overview and Level Annotations

Branches:
Dungeon (4/15)
 Temple: D:4-7

Altars:
The Shining One


Innate Abilities, Weirdness & Mutations

Your body is rotting away.
You thrive on raw meat.
You are immune to poison.
You have sharp fingernails.
You are carnivorous and can eat meat at any time.
Your flesh is cold resistant. (rC+)
You are immune to negative energy. (rN+++)
You do not regenerate when monsters are visible.
You are immune to unholy pain and torment.
You can survive without breathing.


Message History

Your shield and plate armour prevent you from hitting the ogre.
The ogre is moderately wounded.
The ogre hits you with a +0 giant club!!
Ouch! That really hurt!
* * * LOW HITPOINT WARNING * * *
You closely miss the ogre.
The ogre is moderately wounded.
The ogre hits you but does no damage.
You slice the ogre!!
You kill the ogre!
You have reached level 6!
Your experience leads to an increase in your attributes!
Your base attributes are Str 21, Int 3, Dex 8.
Increase (S)trength, (I)ntelligence, or (D)exterity?
You feel agile.
You block the bullfrog skeleton's attack.
You hit the bullfrog skeleton.
The bullfrog skeleton is lightly damaged.
The bullfrog skeleton hits you.
You die...

#. ......
#.##....#
.......#
#.#.?..#
#.#....#
#....# #.####
#Z# #@# ####.#
#....#
#.#.#########
##...........#
#............#
#.##.........#
#. #<.[.÷#####
#....###.#


You could see a bullfrog skeleton.

Vanquished Creatures
  An ogre (D:4)
  6 adders
  3 oozes
  2 worms
  7 orcs
  3 giant cockroaches
  9 goblins
  9 hobgoblins
  8 jackals
  6 kobolds
  2 quokkas
  A ball python (D:3)
  5 bats
  8 frilled lizards
  9 rats
79 creatures vanquished.

Notes
Turn   | Place    | Note
-------+----------+-------------------------------------------
     0 | D:1      | Peloso the Ghoul Fighter began the quest for the Orb.
     0 | D:1      | Reached XP level 1. HP: 19/19 MP: 0/0
    55 | D:1      | Reached XP level 2. HP: 23/25 MP: 1/1
   267 | D:1      | Reached skill level 3 in Shields
   447 | D:1      | Reached XP level 3. HP: 21/28 MP: 2/2
   703 | D:2      | Found a glowing golden altar of the Shining One.
   779 | D:2      | Reached XP level 4. HP: 27/35 MP: 3/3
  1634 | D:3      | Reached XP level 5. HP: 38/41 MP: 4/4
  1762 | D:3      | Reached skill level 4 in Shields
  2250 | D:4      | Noticed an ogre
  2258 | D:4      | HP: 1/41 [ogre/+0 giant club (26)]
  2260 | D:4      | Killed an ogre
  2260 | D:4      | Reached XP level 6. HP: 1/47 MP: 5/5
  2261 | D:4      | Slain by a bullfrog skeleton

Levels and vault maps discovered:
D:1:      scummos_arrival_simple_fountains, layout_rooms, minmay_door_square
D:2:      layout_basic, nicolae_overflow_hidden_temple
D:3:      layout_basic
D:4:      layout_basic, yredelemnul_altar_generic, minmay_fractal_squares_5

Skill      XL: |  1  2  3  4  5 |
---------------+----------------+-----
Long Blades    | 2 3 |  3.4
Armour         | 3 |  3.4
Shields        | 3 4 |  4.3
Fighting       | |  3.8
Dodging        | |  0.1

Action                   |  1- 3 |  4- 6 || total
-------------------------+-------+-------++-------
Melee: Long sword        |   147 |   217 ||   364
  Use: Scroll            |     2 |       ||     2
       Potion            |       |     1 ||     1
  Eat: Chunk             |     1 |     4 ||     5
Armor: Scale mail        |    90 |     1 ||    91
       Plate armour      |       |   130 ||   130
Dodge: Dodged            |    39 |    36 ||    75
Block: Shield            |   125 |   150 ||   275
       Rpst.: Long sword |    12 |    13 ||    25
